AoeStats
← miguelon01

Arena

510413995Analyzed
4v4 RM · 13h ago on Sep 30, 2026· 26m 29s· 8 players
Game mode
Random Map
Map size
Large (8 player)
Population
200
Speed
Normal
Resources
Standard
Victory
Conquest
Starting age
Dark Age
Ending age
Imperial Age
RankedLock teamsTeams togetherTeam positionsShared explorationLock speedFull tech treeHidden civsTurbo modeCheats
Victory
Defeat
🇧🇷 Armenians · Brazil
1121
+15
🇹🇼 Franks · Taiwan
1118
+15
🇨🇳 Gurjaras · China
1089
+16
🇧🇷 Persians · Brazil
1076
+16
🇦🇷 Britons · Argentina
1108
-16
🇧🇷 Malay · Brazil
1091
-16
🇮🇹 Vikings · Italy
1086
-15
🇵🇪 Turks · Peru
1084
-15
Strong
12:59 Feudal Age
13:27 Double-Bit Axe
13:34 Gold Mining
17:49 Castle Age
21:52 Imperial Age
21:14 Gold Shaft Mining
20:49 Padded Archer Armor
21:43 Bow Saw
21:54 Horse Collar
Tikka Masala
11:01 Feudal Age
15:03 Castle Age
14:40 Double-Bit Axe
14:54 Fletching
15:44 Crossbowman
17:00 Bodkin Arrow
17:31 Crossbowman
22:42 Loom
chaqinha
10:44 Feudal Age
15:16 Castle Age
14:05 Double-Bit Axe
15:16 Horse Collar
18:19 Loom
19:55 Bow Saw
20:41 Heavy Plow
miguelon01
12:28 Feudal Age
16:21 Fletching
19:11 Gold Mining
rcagulham
10:10 Feudal Age
10:04 Loom
14:19 Castle Age
13:18 Double-Bit Axe
22:46 Horse Collar
Oscar_Lee
3:45 Loom
11:16 Feudal Age
15:15 Castle Age
13:26 Double-Bit Axe
16:06 Bow Saw
18:46 Wheelbarrow
18:57 Scale Barding Armor
21:12 Forging
22:13 Chain Barding Armor
22:44 Husbandry
26:24 Gold Mining
HATamaTAH
8:51 Feudal Age
8:54 Man-at-Arms
9:22 Loom
11:28 Long Swordsman
12:29 Arson
15:07 Horse Collar
25:32 Castle Age
25:03 Forging
26:33 Double-Bit Axe
箭无虚发
10:11 Feudal Age
11:02 Horse Collar
11:08 Double-Bit Axe
18:45 Castle Age
28:11 Imperial Age
26:01 Gold Mining
26:03 Stone Mining
Connection lost

Rejoining the realm…

Still unreachable

The connection could not be restored.

Session expired

The server has moved on; the page needs a fresh start.